 Dungeon Crawl Stone Soup version 0.19.4-9-g45fd643 (console) character file.

78 Grinner the Stinger (level 4, -5/30 HPs)
             Began as a Mummy Venom Mage on Feb 16, 2017.
             Slain by a gnoll
             ... wielding a +0 club
              (8 damage)
             ... on level 2 of the Dungeon.
             The game lasted 00:06:56 (1814 turns).

Grinner the Stinger (Mummy Venom Mage)              Turns: 1814, Time: 00:06:57

Health: -5/30      AC:  3    Str: 11    XL:     4   Next: 15%
Magic:  1/7        EV: 12    Int: 15    God:
Gold:   90         SH:  0    Dex: 12    Spells: 2 memorised, 3 levels left

rFire  x . .     SeeInvis .     a - +3 dagger (drain)
rCold  + . .     Gourm    .     f - +0 robe
rNeg   + + +     Faith    .     (no shield)
rPois  ∞         Spirit   .     h - +0 hat
rElec  .         Reflect  .     (no cloak)
rCorr  .         Harm     .     c - +0 pair of gloves
MR     .....                    (no boots)
Stlth  ++........               l - amulet of inaccuracy (curse)
                                (no ring)
                                (no ring)

@: very slightly contaminated
A: no food or potions, fire vulnerability, cold resistance 1, negative energy
resistance 3, torment resistance, unbreathing
a: no special abilities


You were on level 2 of the Dungeon.
You were not hungry.

You visited 1 branch of the dungeon, and saw 2 of its levels.

You collected 90 gold pieces.

Inventory:

Hand Weapons
 a - a +3 dagger of draining (weapon)
Armour
 c - a +0 pair of gloves (worn)
 f - a +0 robe (worn)
 h - a +0 hat (worn)
Jewellery
 l - a cursed amulet of inaccuracy (around neck)
Scrolls
 d - a scroll of teleportation
 g - a scroll of magic mapping
 j - a scroll of enchant armour
Books
 b - a Young Poisoner's Handbook

   Spells                             Type                      Level
   a - Sting                          Conjuration/Poison           1
   b - Mephitic Cloud                 Conjuration/Poison/Air       3
   c - Olgreb's Toxic Radiance        Poison                       4
   d - Alistair's Intoxication        Transmutation/Poison         5
   e - Venom Bolt                     Conjuration/Poison           5


   Skills:
 - Level 1.5 Dodging
 + Level 1.6 Stealth
 + Level 2.2 Spellcasting
 + Level 1.7 Conjurations
 + Level 0.5 Air Magic
 + Level 3.9 Poison Magic


You had 3 spell levels left.
You knew the following spells:

 Your Spells              Type           Power        Failure   Level  Hunger
c - Mephitic Cloud        Conj/Pois/Air  #.......     30%         3    N/A
z - Sting                 Conj/Pois      ##..         10%         1    N/A

Dungeon Overview and Level Annotations

Branches:
Dungeon (2/15)

Altars:


Innate Abilities, Weirdness & Mutations

You do not eat or drink.
Your flesh is vulnerable to fire.
You are immune to poison.
Your flesh is cold resistant. (rC+)
You are immune to negative energy. (rN+++)
You are immune to unholy pain and torment.
You can survive without breathing.


Message History

You kill the gnoll!
The gnoll seems less drained.
You hit the gnoll but do no damage. The gnoll hits you with a club.
* * * LOW HITPOINT WARNING * * *
You barely miss the gnoll. The gnoll closely misses you.
You miss the gnoll. You hit the gnoll.
The gnoll is moderately wounded.
The gnoll closely misses you.
You puncture the gnoll!
The gnoll is severely wounded.
The gnoll hits you with a club.
* * * LOW HITPOINT WARNING * * *
You hit the gnoll.
The gnoll is almost dead.
The gnoll hits you but does no damage.
You closely miss the gnoll.
The gnoll is almost dead.
The gnoll hits you with a club!
You die...

#........###...##########.##.#.
#.......##_##..'..........##.#.
#......##,,,##.##............#.
#......#,,,,,#.#.............##
#......#,,,,,#.#.............#<
#......#.....#g#.............#.
#......##...##g#........##'#.##
#......#.....#g#........##.#...
#......#.....#@#........##.####
########.....###........##.#...
###...##'..#########.#...
#.##†##.############.####
#.......# #............
#.......# #.######.##..
#.......# #........##.#
#......)# #.##.######.#
#.......# #.##.# #..


You could see 3 gnolls.

Vanquished Creatures
  A gnoll (D:2)
  2 adders
  3 oozes (D:1)
  A dart slug (D:1)
  2 leopard geckos
  2 bats
  A giant cockroach (D:2)
  4 goblins
  3 hobgoblins
  6 kobolds
  A quokka (D:2)
  4 frilled lizards
  8 rats
38 creatures vanquished.

Notes
Turn   | Place    | Note
-------+----------+-------------------------------------------
     0 | D:1      | Grinner the Mummy Venom Mage began the quest for the Orb.
     0 | D:1      | Reached XP level 1. HP: 13/13 MP: 3/3
   386 | D:1      | Reached skill level 1 in Conjurations
   386 | D:1      | Reached XP level 2. HP: 12/19 MP: 1/5
   926 | D:1      | Reached XP level 3. HP: 23/24 MP: 1/6
   949 | D:1      | Learned a level 3 spell: Mephitic Cloud
  1703 | D:2      | Reached XP level 4. HP: 28/30 MP: 7/7
  1814 | D:2      | Slain by a gnoll

Skill      XL: |  1 |
---------------+----+-----
Conjurations   | 1 |  1.7
Dodging        | |  1.5
Stealth        | |  1.6
Spellcasting   | |  2.2
Air Magic      | |  0.5
Poison Magic   | |  3.9

Action                   |  1- 3 |  4- 6 || total
-------------------------+-------+-------++-------
Melee: Unarmed           |    15 |       ||    15
       Dagger            |    59 |    20 ||    79
 Cast: Sting             |    32 |       ||    32
       Mephitic Cloud    |     1 |     1 ||     2
  Use: Scroll            |     5 |       ||     5
 Stab: Sleeping          |     3 |       ||     3
       Confused          |     1 |       ||     1
Armor: Robe              |    12 |     2 ||    14
Dodge: Dodged            |    35 |     8 ||    43
